 Dungeon Crawl Stone Soup version 0.30-a0-263-ge22c4ad894 (webtiles) character file.

Game seed: 7880776048315982715

3385 Anon1729 the Trooper (level 9, -6/71 HPs)
             Began as a Mummy Monk on Oct 13, 2022.
             Was a Priest of Fedhas.
             Mangled by a white ugly thing (10 damage)
             ... on level 8 of the Dungeon.
             The game lasted 00:22:15 (7765 turns).

Anon1729 the Trooper (Mummy Monk)                   Turns: 7765, Time: 00:22:16

Health: -6/71      AC:  7    Str: 14    XL:     9   Next: 74%
Magic:  9/9        EV: 15    Int: 10    God:    Fedhas [***...]
Gold:   587        SH:  0    Dex: 18    Spells: 8/8 levels left

rFire   x . .      SeeInvis .    p - +0 dagger (pain)
rCold   + . .      Faith    +    (no shield)
rNeg    + + +      Spirit   .    y - +2 leather armour {Will+}
rPois   ∞          Reflect  .    f - +0 helmet
rElec   .          Harm     .    n - scarf {repulsion}
rCorr   .          Rampage  .    (no gloves)
Will    ++...                    g - +0 pair of boots
Stlth   +++.......               (no amulet)
HPRegen 0.31/turn                (no ring)
MPRegen 0.11/turn                (no ring)

@: about to teleport, repel missiles
A: cold resistance 1, negative energy resistance 3, torment resistance 2, heat
vulnerability 1, in touch with death 1, no potions, faith
a: Renounce Religion, Wall of Briars, Grow Ballistomycete


You were on level 8 of the Dungeon.
You worshipped Fedhas.
Fedhas was most pleased with you.
You visited 2 branches of the dungeon, and saw 9 of its levels.
You also visited: Bailey.

You collected 587 gold pieces.

Inventory:

Hand Weapons
 a - a +0 short sword
 e - a +6 whip of freezing
 p - a +0 dagger of pain (weapon)
Missiles
 l - 3 datura-tipped darts
 v - 8 poisoned darts (quivered)
Armour
 b - a +1 chain mail of fire resistance
 f - a +0 helmet (worn)
 g - a +0 pair of boots (worn)
 n - a scarf of repulsion (worn)
 o - the +1 swamp dragon scales "Byjuem" {Rampage rPois}
   (You found it in a bailey)

   rPois:     It protects you from poison.
   Rampage:   It bestows one free step when moving towards enemies.
 r - a +0 cloak
 y - a +2 leather armour of willpower (worn)
Wands
 t - a wand of quicksilver (7)
 u - a wand of flame (8)
 x - a wand of mindburst (1)
 A - a wand of iceblast (2)
Scrolls
 c - 2 scrolls of enchant weapon
 d - a scroll of summoning
 h - a scroll of blinking
 i - a scroll of amnesia
 j - 3 scrolls of enchant armour
 k - 4 scrolls of vulnerability
 m - a scroll of brand weapon
 q - 2 scrolls of noise
 w - a scroll of magic mapping


   Skills:
 + Level 6.9 Fighting
 + Level 5.8 Short Blades
 + Level 5.8 Dodging
 + Level 5.9 Stealth
 + Level 5.6 Necromancy


You had 8 spell levels left.
You didn't know any spells.
Your spell library contained the following spells:

 Spells                   Type           Power      Damage    Failure   Level
 Necrotise                Necr           64%        1d7       4%          1
 Vampiric Draining        Necr           16%        2d7       14%         3
 Summon Small Mammal      Summ           0%         N/A       43%         1
 Agony                    Necr           16%        N/A       80%         5
 Call Canine Familiar     Summ           0%         N/A       82%         3
 Summon Guardian Golem    Hex/Summ       0%         N/A       82%         3
 Animate Armour           Summ/Erth      0%         N/A       99%         4
 Cause Fear               Hex            0%         N/A       99%         4
 Passage of Golubria      Tloc           0%         N/A       99%         4
 Silence                  Hex/Air        0%         N/A       100%        5
 Iron Shot                Conj/Erth      0%         9d1       100%        6
 Lehudib's Crystal Spear  Conj/Erth      0%         10d2      100%        8
 Dragon's Call            Summ           0%         N/A       100%        9
 Blade Hands              Tmut           Unusable   N/A       N/A         5
 Dragon Form              Tmut           Unusable   N/A       N/A         7

Dungeon Overview and Level Annotations

Branches:
Dungeon (8/15)             Temple (1/1) D:5          Bailey (visited)
   Lair: D:8-11

Altars:
Ashenzari
Dithmenos
Fedhas
Gozag
Nemelex Xobeh
Okawaru
Qazlal
Ru
Sif Muna
Uskayaw
Vehumet
Wu Jian
Xom
Yredelemnul

Shops:
D:3 (   D:5 (   D:6 (

Annotations:
D:2 Sigmund
D:3 Terence
D:5 3 runed translucent doors, QuickerDeath's ghost, novice OpEE


Innate Abilities, Weirdness & Mutations

You are immune to poison.
Your flesh is cold resistant. (rC+)
You are immune to negative energy. (rN+++)
You are immune to unholy pain and torment.
You are vulnerable to heat. (rF-)
You are in touch with the powers of death.
You do not drink.
You have a special connection with the divine. (Faith)


Message History

No target in view!
No target in view!
No target in view!
No target in view!
HP restored.
A white ugly thing comes into view.
The white ugly thing gurgles horribly!
A white ugly thing is nearby!
A white ugly thing is nearby!
Found a bubbling coppery potion.
Your +6 whip of freezing stops glowing.
Pain shudders through your bandage-wrapped arm!
p - a +0 dagger of pain (weapon)
The white ugly thing pecks you but does no damage.
You hit the white ugly thing but do no damage.
Okay, then.
You barely miss the white ugly thing.
The white ugly thing closely misses you.
You closely miss the white ugly thing. The white ugly thing pecks you.
The white ugly thing freezes you! You resist.
You hit the white ugly thing but do no damage.
The white ugly thing writhes in agony.
The white ugly thing is lightly wounded.
The white ugly thing pecks you. The white ugly thing freezes you! You resist.
You hit the white ugly thing but do no damage.
The white ugly thing writhes in agony.
The white ugly thing is lightly wounded.
As you read the scroll labelled NAFETHRI QUCUX, it crumbles to dust.
The scroll dissolves into smoke.
It was a scroll of fog.
The white ugly thing closely misses you.
As you read the scroll labelled HUHOATI QAMAI, it crumbles to dust.
You feel strangely unstable.
It was a scroll of teleportation.
The white ugly thing pecks you! The white ugly thing freezes you! You resist.
* * * LOW HITPOINT WARNING * * *
The white ugly thing attacks as you move away!
The white ugly thing pecks you.
* * * LOW HITPOINT WARNING * * *
The white ugly thing freezes you! You resist.
You die...
Fedhas appreciates your contribution to the ecosystem.

#!## ..
#.....
#..#.#
#..#.#
#.... §§§ #
#§# #.#u##
#§§§@##
#..##§§#
#.# ##§#
#.. #.# #.
##.##### .
#......# ..
#..)<..#
#......#
..........#


You could see a white ugly thing.

Vanquished Creatures
  An orc knight (Bailey)
  A deep elf pyromancer (Bailey)
  A water moccasin (D:5)
  8 orc warriors (Bailey)
  2 black bears
  An ogre (D:5)
  A centaur (D:8)
  A phantom (D:5)
  A bullfrog (D:6)
  A necrophage (D:7)
  A scorpion (D:5)
  A wight (D:7)
  2 howler monkeys (D:7)
  4 jellies
  2 hounds (D:6)
  A gnoll bouda (D:7)
  An orc priest (D:6)
  Ijyb (D:5)
  An iguana (D:5)
  4 orc wizards
  Robin (D:1)
  9 gnolls
  4 adders
  2 shadow imps
  5 ufetubi
  2 worms (D:3)
  3 dart slugs
  33 orcs
  3 ball pythons
  8 endoplasms
  2 giant cockroaches
  18 goblins
  9 hobgoblins
  2 jackals (D:2)
  7 kobolds
  4 quokkas
  5 bats
  A frilled lizard (D:2)
  5 rats
159 creatures vanquished.

Vanquished Creatures (collateral kills)
  An orc warrior (Bailey)
  2 wights (D:7)
3 creatures vanquished.

Grand Total: 162 creatures vanquished

Notes
Turn   | Place    | Note
-------+----------+-------------------------------------------
     0 | D:1      | Anon1729 the Mummy Monk began the quest for the Orb.
     0 | D:1      | Reached XP level 1. HP: 18/18 MP: 1/1
   497 | D:1      | Reached XP level 2. HP: 22/24 MP: 2/2
  1235 | D:2      | Gained mutation: You are in touch with the powers of death.
                  | [Mummy growth]
  1235 | D:2      | Reached XP level 3. HP: 26/29 MP: 3/3
  1257 | D:2      | Noticed Robin
  1431 | D:1      | Killed Robin
  1586 | D:2      | Noticed Sigmund
  1784 | D:3      | Reached XP level 4. HP: 35/35 MP: 4/4
  1828 | D:3      | Noticed Terence
  1950 | D:3      | Found Weggar's Weapon Boutique.
  2187 | D:3      | Found a basalt altar of Yredelemnul.
  2247 | D:2      | HP: 1/37 [Sigmund/puff of flame (16)]
  2407 | D:3      | Reached XP level 5. HP: 31/42 MP: 5/5
  2629 | D:4      | Noticed an ogre
  2672 | D:4      | Noticed a black bear
  2680 | D:4      | Killed a black bear
  2681 | D:4      | Reached skill level 4 in Fighting
  2681 | D:4      | Reached skill level 1 in Necromancy
  2733 | D:4      | Reached XP level 6. HP: 16/48 MP: 6/6
  3192 | D:4      | Found a stormy altar of Qazlal.
  3299 | D:5      | Entered Level 5 of the Dungeon
  3414 | D:5      | Found a broken altar of Ashenzari.
  3748 | D:5      | Reached XP level 7. HP: 40/55 MP: 7/7
  3908 | D:5      | Found Illaank's Weapon Shop.
  4066 | D:5      | Noticed Ijyb
  4079 | D:5      | Killed Ijyb
  4446 | D:5      | Found a staircase to the Ecumenical Temple.
  4505 | D:5      | Found a runed translucent gate.
  4566 | Temple   | Entered the Ecumenical Temple
  4566 | Temple   | Found a transporter.
  4566 | Temple   | Found a transporter.
  4568 | Temple   | Found a transporter.
  4568 | Temple   | Found a transporter.
  4595 | Temple   | Became a worshipper of Fedhas Madash
  4595 | Temple   | Reached * piety under Fedhas
  4595 | Temple   | Reached ** piety under Fedhas
  4685 | D:5      | Found a runed translucent gate.
  4686 | D:5      | Found a runed translucent gate.
  4688 | D:5      | Noticed QuickerDeath's ghost (novice OpEE)
  4753 | D:6      | Reached skill level 5 in Fighting
  4778 | D:6      | Reached XP level 8. HP: 36/62 MP: 8/8
  5227 | D:6      | Found Estrymp's Antique Weapon Boutique.
  5246 | D:6      | Found a hide-covered altar of Uskayaw.
  5539 | D:7      | Found a shimmering altar of Xom.
  5622 | D:7      | Found a flagged portal.
  5662 | Bailey   | Entered a bailey
  5963 | Bailey   | Noticed an orc knight
  5964 | Bailey   | Reached skill level 6 in Fighting
  5964 | Bailey   | Reached skill level 5 in Short Blades
  5964 | Bailey   | Reached skill level 5 in Dodging
  5965 | Bailey   | Reached skill level 5 in Stealth
  5969 | Bailey   | Killed an orc knight
  5970 | Bailey   | Reached XP level 9. HP: 41/70 MP: 9/9
  5988 | Bailey   | HP: 2/70 [orc warrior/+0 halberd (12)]
  6051 | Bailey   | Reached *** piety under Fedhas
  6108 | Bailey   | Reached skill level 5 in Necromancy
  6322 | Bailey   | Found a large runed translucent door.
  6322 | Bailey   | Found a large runed translucent door.
  6323 | Bailey   | Noticed a deep elf pyromancer
  6434 | Bailey   | Killed a deep elf pyromancer
  6451 | Bailey   | Identified the +1 swamp dragon scales "Byjuem" {Rampage
                  | rPois}
  7754 | D:8      | Noticed a white ugly thing
  7765 | D:8      | Mangled by a white ugly thing

Illustrated notes

Levels and vault maps discovered:
D:1:      saegor_arrival_simple_e, layout_basic
D:2:      layout_loops_ring, uniq_robin, uniq_sigmund
D:3:      layout_rooms, tso_altar, mainiacjoe_overflow_alcove_1, serial_shops,
          shop, uniq_terence
D:4:      cheibrodos_helix_gallery, layout_gridville, marbit_many_paths
D:5:      nicolae_cairo_tiling_large_dashed, layout_basic,
          cheibrodos_ashenzari_chains, minmay_temple_entry_fiery, serial_shops,
          nicolae_inconvenience_store, gammafunk_ghost_necromancy, uniq_ijyb
D:6:      layout_loops_cross, kennysheep_little_box, serial_shops, shop,
          minmay_misc_feat_pillars
D:7:      layout_basic, mainiacjoe_overflow_small_starburst, enter_bailey_5
D:8:      layout_rooms, roderic_serpentine_path, uniq_prince_ribbit1
Temple:   hellmonk_temple_divided_pantheon

Skill      XL: |  1  2  3  4  5  6  7  8  9 |
---------------+----------------------------+-----
Stealth        | 2 3 4 5 |  5.9
Dodging        | 3 4 5 |  5.8
Short Blades   | 3 4 5 |  5.8
Fighting       | 4 5 6 |  6.9
Necromancy     | 1 2 3 4 5 |  5.6

Action                   |  1- 3 |  4- 6 |  7- 9 || total
-------------------------+-------+-------+-------++-------
Melee: Short sword       |    24 |       |       ||    24
       Whip              |    98 |   144 |   175 ||   417
       Punch             |     2 |       |     1 ||     3
       Dagger            |       |       |    47 ||    47
Throw: Dart              |       |       |     9 ||     9
Invok: Wall of Briars    |       |       |     4 ||     4
Evoke: Wand              |       |       |    30 ||    30
  Use: Scroll            |       |       |    15 ||    15
 Stab: Sleeping          |     6 |     7 |     7 ||    20
       Distracted        |       |       |     1 ||     1
Armor: Robe              |    39 |    34 |     3 ||    76
       Leather armour    |       |       |    66 ||    66
Dodge: Dodged            |    91 |   103 |   164 ||   358
       Repelled          |       |     1 |       ||     1

Table legend: (Time is in decaauts)
 A = Elapsed time spent in this place.
 B = Non-inter-level travel time spent in this place.
 C = Inter-level travel time spent in this place.
 D = Time resting spent in this place.
 E = Time spent auto-exploring this place.
 F = Levels seen in this place.
 G = Mean time per level.
                   A        B        C        D        E       F      G
               +--------+--------+--------+--------+--------+-----+--------+
         Total |   7798 |   7423 |    375 |   1370 |   4277 |  10 |  779.8 |
       Dungeon |   6748 |   6374 |    374 |    862 |   4128 |   8 |  843.5 |
        Temple |     48 |     48 |      0 |      0 |      5 |   1 |   48.0 |
        Bailey |   1000 |   1000 |      0 |    508 |    144 |   1 | 1000.0 |
               +--------+--------+--------+--------+--------+-----+--------+

Top non-repeatable levels by time:
     D:5: 1404 daAuts
     D:7: 1234 daAuts
     D:1: 1158 daAuts
  Bailey: 1000 daAuts
     D:4: 790 daAuts
     D:6: 753 daAuts
     D:2: 708 daAuts
     D:3: 662 daAuts
  Temple: 48 daAuts
     D:8: 36 daAuts
